 Dungeon Crawl Stone Soup version 0.21.0 (webtiles) character file.

289996 bombasticus the Severer (level 20, 0/120 HPs)
             Began as a Gargoyle Berserker on Jan 15, 2018.
             Was the Champion of Trog.
             Slain by an azure jelly (3 damage)
             ... created by the Royal Jelly
             ... on level 5 of the Pits of Slime.
             The game lasted 03:02:33 (46331 turns).

bombasticus the Severer (Gargoyle Berserker)       Turns: 46331, Time: 03:02:33

Health: 0/120      AC: 26    Str: 32    XL:     20   Next: 73%
Magic:  20/20      EV: 12    Int: 10    God:    Trog [******]
Gold:   2460       SH: 23    Dex: 12    Spells: 19/19 levels left

rFire    . . .     SeeInvis +   R - +8 mithril axe "Arga" {speed, MR+}
rCold    . . .     Gourm    .   G - +1 large shield {AC+3}
rNeg     + . .     Faith    +   l - +0 acid dragon scales
rPois    ∞         Spirit   .   F - +0 mask of the Dragon {MR+ Slay+3 SInv}
rElec    +         Reflect  .   B - +2 cloak {rPois}
rCorr    +         Harm     .   A - +0 pair of gloves
MR       ++++.     Rnd*Rage +   q - +0 pair of boots of Trog's Supremacy {Str+4 Dex+3} (curse)
Stlth    +++.......             o - amulet of faith
HPRegen  0.00/turn              e - ring of protection from magic
MPRegen  0.17/turn              L - +3 ring of protection

@: corroded, berserk cooldown, hasted and slowed
A: big wings, berserk 2, frail 1, negative energy resistance 1, screaming 1,
electricity resistance, inhibited regeneration, unbreathing, petrification
resistance, no potion heal 1, rot immunity, subdued magic 1, AC +15
}: 2/15 runes: serpentine, barnacled
a: Fly, Berserk, Trog's Hand, Brothers in Arms, Burn Spellbooks, Renounce
Religion


You were on level 5 of the Pits of Slime.
You worshipped Trog.
Trog was exalted by your worship.
You were very hungry.

You visited 7 branches of the dungeon, and saw 38 of its levels.
You visited 2 bazaars.
You also visited: Trove, Bailey and Ice Cave.

You collected 4211 gold pieces.
You spent 1751 gold pieces at shops.

Inventory:

Hand Weapons
 m - the +12 quarterstaff of Patience {crush, rElec, unknown}
   (Trog gifted it to you on level 1 of the Elven Halls)

   It inflicts extra damage upon your enemies.
   It insulates you from electricity.
 Q - the +6 great sword of the Sun {slice, -Tele rF+ Int+8 Dex-3, unknown}
   (You found it on level 3 of the Lair of Beasts)

   It inflicts extra damage upon your enemies.
   It affects your intelligence (+8).
   It affects your dexterity (-3).
   It protects you from fire.
   It prevents most forms of teleportation.
 R - the +8 mithril axe "Arga" (weapon) {speed, MR+}
   (You found it on level 1 of the Lair of Beasts)

   Attacks with this weapon are significantly faster.
   It affects your resistance to hostile enchantments.
 V - the +8 frozen axe "Frostbite" {freezing cloud, *Noise +Fly rC+}
   (You found it on level 4 of the Shoals)

   It has been specially enchanted to freeze those struck by it, causing extra
   injury to most foes and up to half again as much damage against particularly
   susceptible opponents.
   It can also slow down cold-blooded creatures.
   It protects you from cold.
   It lets you fly.
   It may make noises in combat.
 X - the +9 spear "Gaemn" {holy, rN+ MR+ Int-4}
   (You found it on level 14 of the Dungeon)

   It has been blessed by the Shining One to cause great damage to the undead
   and demons.
   It affects your intelligence (-4).
   It protects you from negative energy.
   It affects your resistance to hostile enchantments.
Missiles
 x - 42 tomahawks of returning (quivered)
Armour
 l - +0 acid dragon scales (worn)
 q - the cursed +0 pair of boots of Trog's Supremacy (worn) {Str+4 Dex+3}
   (You found it in a treasure trove)

   It affects your strength (+4).
   It affects your dexterity (+3).
   It has a curse placed upon it.
 u - the +2 pair of boots "Feusk" {+Fly rF+, unknown}
   (You found it in a treasure trove)

   It protects you from fire.
   It lets you fly.
 A - a +0 pair of gloves (worn)
 B - a +2 cloak of poison resistance (worn)
 F - the +0 mask of the Dragon (worn) {MR+ Slay+3 SInv}
   (You found it on level 2 of the Elven Halls)

   It affects your accuracy and damage with ranged weapons and melee attacks
   (+3).
   It affects your resistance to hostile enchantments.
   It lets you see invisible.
 G - a +1 large shield of protection (worn)
 I - +2 pearl dragon scales
Jewellery
 e - a ring of protection from magic (left hand)
 o - an amulet of faith (around neck)
 p - an uncursed ring of positive energy
 t - an uncursed ring of fire
 z - an uncursed ring of see invisible
 J - the ring of Oenomania {rPois rF+ rN+ Slay+2, unknown}
   (You found it on level 4 of the Shoals)

   [ring of protection from fire]

   It affects your accuracy and damage with ranged weapons and melee attacks
   (+2).
   It protects you from fire.
   It protects you from poison.
   It protects you from negative energy.
 L - a +3 ring of protection (right hand)
 M - a +4 amulet of reflection {unknown}
 T - an uncursed ring of protection from fire
Wands
 y - a wand of acid (8)
 E - a wand of digging (29)
Scrolls
 a - 4 scrolls of fog
 b - a scroll of vulnerability {unknown}
 f - a scroll of magic mapping
 j - 2 scrolls of blinking
 k - 4 scrolls of fear
 s - 10 scrolls of remove curse
 v - a scroll of holy word {unknown}
 D - 10 scrolls of teleportation
 H - a scroll of acquirement {unknown}
 K - 2 scrolls of summoning
 N - a scroll of brand weapon
 O - a scroll of random uselessness {unknown}
 P - 2 scrolls of enchant weapon {unknown}
 S - 10 scrolls of identify
 W - 2 scrolls of torment
Potions
 d - a potion of haste
 g - 3 potions of cancellation
 h - 17 potions of curing
 i - 3 potions of berserk rage
 n - 2 potions of magic
 r - 6 potions of agility
 w - a potion of invisibility {unknown}
 C - 3 potions of lignification
Comestibles
 c - 47 rations


   Skills:
 + Level 17.2 Fighting
   Level 0.4(2.4) Short Blades
 + Level 3.9(4.0) Long Blades
 + Level 18.3 Axes
 + Level 2.7(14.9) Polearms
 + Level 14.4(14.5) Staves
 + Level 1.5 Throwing
 + Level 14.5 Armour
 + Level 6.0 Dodging
 + Level 7.2 Stealth
 + Level 14.7 Shields
 - Level 1.0 Evocations


You had 19 spell levels left.
You didn't know any spells.

Dungeon Overview and Level Annotations

Branches:
Dungeon (15/15)            Temple (0/1) D:5            Lair (6/6) D:11
 Shoals (4/4) Lair:4        Snake (4/4) Lair:4        Slime (5/5) Lair:5
    Orc (2/2) D:9             Elf (2/3) Orc:2        Vaults (0/5) D:13
 Depths (0/5) D:15

Altars:
Cheibriados
Fedhas
Gozag
Kikubaaqudgha
Makhleb
Ru
Sif Muna
Vehumet
The Shining One
Beogh

Shops:
D:10 ?   D:12 [   Orc:2 :[}?*   Elf:2 %:!   Shoals:4 (

Annotations:
Slime:5 Royal Jelly


Innate Abilities, Weirdness & Mutations

You are resistant to torment.
Your stone body is resilient. (AC +15)
You are immune to poison.
Your large and strong wings let you fly indefinitely.
You resist negative energy. (rN+)
You are resistant to electric shocks. (rElec)
You can survive without breathing.
You are immune to petrification.
You are immune to rotting.
You often lose your temper in combat.
You are frail. (-10% HP)
You occasionally shout uncontrollably at your foes.
You do not regenerate when monsters are visible.
Potions are less effective at restoring your health.
Your spells are a little easier to cast, but a little less powerful.


Message History

The azure jelly closely misses you. The azure jelly barely misses you.
You block the azure jelly's attack. The acid blob spits acid at you.
The splash of acid hits you! You resist.
* * * LOW HITPOINT WARNING * * *
You are splashed with acid!
The acid burns!
You resist.
* * * LOW HITPOINT WARNING * * *
The acid blob spits acid at you. The splash of acid hits you!
You are splashed with acid!
The acid burns!
You resist.
* * * LOW HITPOINT WARNING * * *
You feel yourself speed up. The acid blob spits acid at you.
The splash of acid hits you! The acid corrodes you!
You are splashed with acid!
The acid burns!
You resist.
* * * LOW HITPOINT WARNING * * *
You block the acid blob's attack.
The azure jelly hits you but does no damage.
The azure jelly closely misses you. The azure jelly hits you.
You die...

.................#
................G#
.................##
.................G
...............JJ#
...............JJ#
..............JJJ#
..............JJJ#
#..............J@##
#.................##
#..................##
#.#.................## ..
##...................####.##
#..##.........................
#####............................
#.............................
###...........................


You could see 4 acid blobs, 4 azure jellies, a great orb of eyes, 3 death oozes
and an eye of draining.

Vanquished Creatures
  An Ice Fiend (IceCv)
  Rupert (Lair:6)
  Frances (Shoals:1)
  11 acid blobs
  Gastronok (D:8)
  Kirke (D:12)
  10 azure jellies
  Ilsuiw (Shoals:4)
  Aizul (Shoals:4)
  8 nagarajas
  Louise (D:14)
  A stone giant (D:14)
  A very ugly thing (D:14)
  Azrael (D:12)
  An ettin (D:15)
  5 merfolk impalers
  4 death oozes (Slime:5)
  Snorg (D:12)
  2 deep elf death magi (Elf:1)
  2 merfolk javelineers (Shoals:4)
  2 great orbs of eyes
  8 vault guards
  4 ogre magi (Orc:2)
  Erolcha (Orc:1)
  8 hydras
  An ice dragon (Shoals:2)
  11 naga warriors
  Erica (Orc:1)
  2 merfolk avatars
  A satyr (Shoals:3)
  The ghost of Robby the Geomancer, a journeyman GrEE of Vehumet (D:11)
  3 merfolk aquamancers (Shoals:4)
  3 centaur warriors
  An alligator snapping turtle (Shoals:3)
  26 dancing weapons
  7 anacondas
  4 two-headed ogres
  6 death yaks (Lair:4)
  A tengu warrior (D:14)
  9 shock serpents
  Urug (D:10)
  8 deep elf knights (Elf:2)
  17 naga sharpshooters
  3 salamander mystics
  14 sea snakes
  A deep troll (D:15)
  4 naga ritualists
  8 deep elf archers
  A wolf spider zombie (D:15)
  6 orc knights
  Pikel (D:5)
  5 mana vipers
  A wolf spider (D:15)
  8 orc sorcerers
  9 ugly things
  45 deep elf magi
  An oklob plant (Lair:5)
  6 manticores
  9 harpies
  5 fauns
  4 shining eyes
  12 salamanders
  4 elephants (Lair:6)
  9 cyclopes
  A salamander (shapeshifter) (Elf:2)
  10 merfolk sirens
  A centaur zombie (D:12)
  33 black mambas
  2 guardian serpents
  9 water nymphs
  2 ice statues (IceCv)
  13 naga magi
  An eye of devastation (Slime:1)
  11 spiny frogs
  4 rime drakes
  The ghost of bombasticus the Skirmisher, a novice GrBe of Trog (D:7)
  An efreet (D:14)
  3 anaconda simulacra (IceCv)
  5 komodo dragons
  A freezing wraith (D:15)
  A queen bee (shapeshifter) (Elf:2)
  2 tengu conjurers
  11 ice devils (IceCv)
  5 polar bears (Lair:6)
  27 merfolk
  4 hornets (Lair:6)
  2 polar bears (shapeshifter)
  2 trolls
  4 wind drakes
  45 slime creatures
  14 blink frogs
  22 dream sheep
  A hippogriff (shapeshifter) (Elf:2)
  7 snapping turtles
  13 hippogriffs
  2 air elementals (Elf:1)
  A redback (D:11)
  2 wyverns
  A vampire (D:13)
  A centaur simulacrum (D:14)
  13 spriggans (Lair:6)
  6 water elementals
  Eustachio (D:4)
  A shadow (D:14)
  A dire elephant simulacrum (IceCv)
  2 hogs (D:12)
  44 yaks
  Grum (D:8)
  3 basilisks
  3 wraiths
  6 fire elementals
  5 golden eyes (Slime:3)
  A hungry ghost (D:11)
  6 vampire mosquitoes (D:13)
  A redback simulacrum (D:14)
  3 harpy simulacra (IceCv)
  A soldier ant (D:11)
  3 wargs
  An acid dragon (D:12)
  57 nagas
  4 hell hounds (D:12)
  10 water moccasins
  3 hydra simulacra (IceCv)
  10 porcupines
  2 ice beasts
  6 sky beasts
  29 orc warriors
  7 black bears
  3 slaves (D:5)
  4 phantoms
  A necrophage (D:12)
  10 ogres
  5 boggarts (Lair:6)
  3 eyes of draining
  41 wolves
  9 centaurs
  12 crocodiles
  A crocodile (shapeshifter) (D:8)
  5 big kobolds
  21 bullfrogs
  2 wyvern skeletons
  10 killer bees
  12 wights
  9 electric eels
  11 howler monkeys
  7 crimson imps
  2 bullfrog zombies
  3 hounds
  11 jellies
  12 orc priests
  35 orc wizards
  Crazy Yiuf (D:2)
  3 centaur skeletons
  10 iguanas
  13 worker ants
  A killer bee zombie (D:9)
  3 hound skeletons
  3 worker ant zombies
  A howler monkey zombie (D:9)
  7 adders
  6 gnolls
  8 shadow imps
  4 oozes
  2 adder zombies
  An adder skeleton (D:9)
  3 worms
  4 dart slugs
  4 leopard geckos
  104 orcs
  9 giant cockroaches
  9 hobgoblins
  13 jackals
  27 kobolds
  6 quokkas
  3 ball pythons
  7 bats
  7 frilled lizards
  10 goblins
  2 leopard gecko skeletons
  A leopard gecko zombie (D:7)
  A quokka skeleton (D:4)
  4 rats
  3 fungi (Lair:6)
  6 plants
1347 creatures vanquished.

Vanquished Creatures (collateral kills)
  Jorgrun (Shoals:4)
  A nagaraja (Snake:4)
  2 merfolk javelineers
  4 merfolk impalers
  An alligator snapping turtle (Shoals:4)
  A merfolk avatar (Shoals:4)
  6 merfolk aquamancers
  A satyr (Shoals:4)
  2 sea snakes
  3 manticores
  2 deep elf archers (Elf:1)
  3 deep elf magi (Elf:1)
  A merfolk siren (Shoals:4)
  A water nymph (Shoals:4)
  20 merfolk
  4 snapping turtles
  5 water elementals
  2 nagas (Snake:4)
  A centaur (Shoals:2)
61 creatures vanquished.

Vanquished Creatures (others)
  A naga ritualist (Snake:2)
  A mana viper (Snake:2)
  2 black mambas (Snake:2)
  2 humans (D:12)
  An orc warrior (D:11)
  An adder (D:3)
  A shadow imp (D:12)
  An orc (D:12)
  17 fungi
  3 plants
30 creatures vanquished.

Grand Total: 1438 creatures vanquished

Notes
Turn   | Place    | Note
-------+----------+-------------------------------------------
     0 | D:1      | bombasticus the Gargoyle Berserker began the quest for the Orb.
     0 | D:1      | Reached XP level 1. HP: 14/14 MP: 1/1
   258 | D:2      | Reached XP level 2. HP: 16/19 MP: 2/2
   313 | D:2      | Found a runed door.
   487 | D:2      | Reached XP level 3. HP: 17/24 MP: 3/3
   510 | D:2      | Reached ** piety under Trog
  1078 | D:1      | Reached XP level 4. HP: 29/29 MP: 4/4
  1767 | D:2      | Noticed Crazy Yiuf
  1774 | D:2      | Killed Crazy Yiuf
  1774 | D:2      | Reached XP level 5. HP: 33/33 MP: 5/5
  2130 | D:3      | Reached skill level 1 in Staves
  2143 | D:3      | Found an opulent altar of Gozag.
  2143 | D:3      | Found a glowing golden altar of the Shining One.
  2143 | D:3      | Found a radiant altar of Vehumet.
  2146 | D:3      | Found a blossoming altar of Fedhas.
  2160 | D:3      | Reached *** piety under Trog
  2203 | D:3      | Reached XP level 6. HP: 35/39 MP: 6/6
  2654 | D:3      | Noticed an orc warrior
  2660 | D:3      | Killed an orc warrior
  2816 | D:3      | Reached XP level 7. HP: 44/44 MP: 7/7
  3106 | D:4      | Noticed Eustachio
  3124 | D:4      | Killed Eustachio
  3124 | D:4      | Reached skill level 5 in Fighting
  3191 | D:4      | Reached **** piety under Trog
  3325 | D:4      | Found an opulent altar of Gozag.
  3421 | D:5      | Entered Level 5 of the Dungeon
  3492 | D:5      | Found a staircase to the Ecumenical Temple.
  3540 | D:5      | Reached skill level 5 in Staves
  3540 | D:5      | Reached XP level 8. HP: 48/49 MP: 8/8
  3657 | D:5      | Noticed Pikel
  3728 | D:5      | Killed Pikel
  3728 | D:5      | Reached skill level 5 in Armour
  3728 | D:5      | Reached skill level 1 in Stealth
  3781 | D:5      | Found a burning altar of Makhleb.
  4145 | D:6      | Reached XP level 9. HP: 55/55 MP: 9/9
  4275 | D:6      | Found a sacrificial altar of Ru.
  4976 | D:7      | Noticed bombasticus's ghost (novice GrBe)
  4989 | D:7      | Killed bombasticus's ghost
  5185 | D:7      | Reached ***** piety under Trog
  5303 | D:7      | Reached XP level 10. HP: 56/61 MP: 10/10
  5765 | D:7      | You fall through a shaft!
  6313 | D:8      | Found a deep blue altar of Sif Muna.
  6512 | D:8      | Noticed Gastronok
  6536 | D:8      | Reached skill level 10 in Staves
  6558 | D:8      | Noticed a two-headed hydra
  6566 | D:8      | Killed Gastronok
  6572 | D:8      | Killed a two-headed hydra
  6572 | D:8      | Reached XP level 11. HP: 54/69 MP: 11/11
  6573 | D:8      | Killed a two-headed hydra
  7058 | D:8      | Noticed Grum
  7071 | D:8      | Killed Grum
  7386 | D:9      | Received a gift from Trog
  7481 | D:9      | Noticed a two-headed ogre
  7497 | D:9      | Killed a two-headed ogre
  7778 | D:9      | Found a snail-covered altar of Cheibriados.
  8508 | D:9      | Reached ****** piety under Trog
  8702 | D:9      | Found a staircase to the Orcish Mines.
  8809 | D:10     | Entered Level 10 of the Dungeon
  8824 | D:10     | Noticed Urug
  8837 | D:10     | Killed Urug
  9179 | D:10     | Found Jeoro's Magic Scroll Emporium.
  9184 | D:10     | Reached XP level 12. HP: 76/76 MP: 12/12
  9196 | D:10     | Bought a scroll of teleportation for 30 gold pieces
  9196 | D:10     | Bought a scroll of amnesia for 35 gold pieces
  9196 | D:10     | Bought 3 scrolls of identify for 60 gold pieces
  9196 | D:10     | Bought a scroll of fog for 20 gold pieces
  9369 | D:10     | Reached skill level 5 in Stealth
  9899 | D:11     | Noticed Robby's ghost (journeyman GrEE)
  9921 | D:11     | Killed Robby's ghost
  9921 | D:11     | Reached skill level 10 in Armour
 10291 | D:11     | Received a gift from Trog
 10309 | D:11     | Reached skill level 10 in Fighting
 10566 | D:11     | Found a staircase to the Lair.
 10568 | D:11     | Noticed a two-headed ogre
 10577 | D:11     | a two-headed ogre changed into a redback
 10826 | D:12     | Noticed Kirke
 10845 | D:12     | Killed Kirke
 10885 | D:12     | Noticed a two-headed ogre
 10894 | D:12     | a two-headed ogre changed into a mana viper
 10914 | D:12     | Found a flagged portal.
 10990 | Bailey   | Entered a bailey
 11123 | Bailey   | Received a gift from Trog
 11242 | Bailey   | Reached skill level 1 in Throwing
 11847 | D:12     | Found Eshops's Antique Armour Emporium.
 11863 | D:12     | Noticed a two-headed ogre
 11870 | D:12     | Killed a two-headed ogre
 11903 | D:12     | Noticed Snorg
 11923 | D:12     | Killed Snorg
 11923 | D:12     | Reached XP level 13. HP: 74/83 MP: 13/13
 12299 | D:12     | Reached skill level 1 in Evocations
 12646 | Orc:1    | Entered Level 1 of the Orcish Mines
 12646 | Orc:1    | Noticed Erica
 12748 | Lair:1   | Entered Level 1 of the Lair of Beasts
 13040 | Lair:1   | Received a gift from Trog
 13054 | Lair:1   | Found the +8 mithril axe "Arga" {speed, MR+}
 13220 | Lair:1   | Reached skill level 1 in Axes
 13672 | Lair:1   | Reached skill level 2 in Axes
 13983 | Lair:2   | Reached skill level 3 in Axes
 14731 | Lair:2   | Reached skill level 4 in Axes
 15171 | Lair:3   | Received a gift from Trog
 15276 | Lair:3   | Got a pitted great sword
 15307 | Lair:3   | Reached skill level 5 in Axes
 15898 | Lair:4   | Reached skill level 6 in Axes
 15902 | Lair:4   | Reached skill level 1 in Shields
 15926 | Lair:4   | Gained mutation: Your large and strong wings let you fly indefinitely. [Gargoyle growth]
 15926 | Lair:4   | Reached XP level 14. HP: 32/91 MP: 14/14
 16196 | Lair:4   | Found a staircase to the Shoals.
 16482 | Lair:4   | Reached skill level 7 in Axes
 16829 | Lair:4   | Found a staircase to the Snake Pit.
 17523 | Orc:1    | Killed Erica
 17533 | Orc:1    | Received a gift from Trog
 17752 | Orc:2    | Entered Level 2 of the Orcish Mines
 17752 | Orc:2    | Found a staircase to the Elven Halls.
 17774 | Orc:1    | Found a burning altar of Makhleb.
 17899 | Orc:1    | Noticed Erolcha
 17911 | Orc:1    | Killed Erolcha
 18113 | Orc:2    | Reached skill level 8 in Axes
 18182 | Orc:2    | Found Aclebic's General Store.
 18197 | Orc:2    | Bought a scroll of identify for 30 gold pieces
 18197 | Orc:2    | Bought a potion of curing for 45 gold pieces
 18197 | Orc:2    | Bought a scroll of remove curse for 45 gold pieces
 18281 | Orc:2    | Paralysed by an orc sorcerer for 4 turns
 19404 | Orc:2    | HP: 1/92 [sun demon[an orc sorcerer] (14)]
 19779 | Orc:2    | Reached skill level 9 in Axes
 20011 | Orc:2    | Found an ancient bone altar of Kikubaaqudgha.
 20029 | Orc:2    | Received a gift from Trog
 20030 | Orc:2    | Found Retoapt's Gadget Boutique.
 20540 | Orc:2    | Found a radiant altar of Vehumet.
 20589 | Orc:2    | Found Pitydum's Antique Armour Boutique.
 20590 | Orc:2    | Found a roughly hewn altar of Beogh.
 20600 | Orc:2    | Found Huosoaps's Magic Scroll Shop.
 20602 | Orc:2    | Bought a pair of steaming boots for 294 gold pieces
 20612 | Orc:2    | Identified the -5 pair of boots of the Original Sin {+Inv MR+ Int+7} (You bought it in a shop on level 2 of the Orcish Mines)
 20665 | Orc:2    | Found Zoegriaq's Book Shop.
 21233 | D:13     | Reached skill level 10 in Axes
 21274 | D:13     | Reached XP level 15. HP: 85/97 MP: 15/15
 21327 | D:13     | Found a gate to the Vaults.
 21368 | D:13     | Received a gift from Trog
 22179 | D:14     | Got a faintly glowing spear
 22180 | D:14     | Identified the +9 spear "Gaemn" {holy, rN+ MR+ Int-4} (You found it on level 14 of the Dungeon)
 22484 | D:14     | Reached skill level 11 in Axes
 22500 | D:14     | Reached skill level 1 in Polearms
 22799 | D:14     | Noticed Louise
 23145 | D:14     | Received a gift from Trog
 23188 | D:14     | Killed Louise
 23436 | D:14     | Got a steaming tin ring
 23539 | D:14     | Reached skill level 5 in Shields
 23796 | D:14     | Found a portal to a secret trove of treasure.
 24240 | D:12     | Noticed Azrael
 24258 | D:12     | Killed Azrael
 24845 | Lair:5   | Found a staircase to the Slime Pits.
 25491 | Lair:6   | Entered Level 6 of the Lair of Beasts
 25653 | Lair:6   | Reached skill level 12 in Axes
 25905 | Lair:6   | Received a gift from Trog
 26232 | Lair:6   | Noticed Rupert
 26254 | Lair:6   | Killed Rupert
 26254 | Lair:6   | Reached XP level 16. HP: 40/104 MP: 16/16
 26846 | Lair:6   | Received a gift from Trog
 27411 | Shoals:1 | Entered Level 1 of the Shoals
 27412 | Shoals:1 | Noticed Frances
 27421 | Lair:4   | Reached skill level 13 in Axes
 27676 | Shoals:1 | Killed Frances
 28269 | Shoals:1 | Received a gift from Trog
 28924 | Shoals:2 | Found a frozen archway.
 29098 | IceCv    | Entered an ice cave
 29366 | IceCv    | Identified the ring "Teac" {*Tele Str+5} (You took it off a centaur on level 14 of the Dungeon)
 29530 | IceCv    | Received a gift from Trog
 29997 | IceCv    | Noticed an Ice Fiend
 30003 | IceCv    | HP: 5/106 [Ice Fiend (25)]
 30011 | IceCv    | Killed an Ice Fiend
 30637 | Shoals:2 | Reached skill level 14 in Axes
 30755 | Shoals:2 | Got a scorched trident
 30756 | Shoals:2 | Identified the cursed +1 trident of the Pyrrhic Victory {pierce, rC+ MR+ Str+4} (You found it on level 2 of the Shoals)
 31026 | Shoals:3 | Reached XP level 17. HP: 29/111 MP: 17/17
 31476 | D:14     | You paid a toll of 3 potions of resistance to enter a treasure trove
 31477 | Trove    | Entered a treasure trove
 31487 | Trove    | Got a pair of bloodstained boots
 31489 | Trove    | Got a pair of polished boots
 31499 | Trove    | Got a faintly glowing ring mail
 31562 | D:14     | Identified the cursed +0 pair of boots of Trog's Supremacy {Str+4 Dex+3} (You found it in a treasure trove)
 31653 | D:15     | Entered Level 15 of the Dungeon
 31926 | D:15     | Found a staircase to the Depths.
 32591 | Elf:1    | Entered Level 1 of the Elven Halls
 32656 | Elf:1    | Reached skill level 10 in Shields
 32851 | Elf:1    | Received a gift from Trog
 32896 | Elf:1    | Got a pitted quarterstaff {god gift}
 33865 | Elf:1    | Reached skill level 15 in Axes
 34025 | Elf:2    | Found Bocuek's Book Shop.
 34073 | Elf:2    | Received a gift from Trog
 34134 | Elf:2    | Found Iffesued's Food Boutique.
 34379 | Elf:2    | Found a runed gate.
 34388 | Elf:2    | Found a runed gate.
 34389 | Elf:2    | Found a runed gate.
 34408 | Elf:2    | Found the +0 mask of the Dragon {MR+ Slay+3 SInv}
 34490 | Elf:2    | Found Sutoxt's Distillery.
 34852 | Elf:2    | Reached XP level 18. HP: 117/118 MP: 18/18
 34968 | Elf:2    | Received a gift from Trog
 34968 | Elf:2    | Reached skill level 15 in Fighting
 35589 | Snake:1  | Entered Level 1 of the Snake Pit
 36103 | Snake:2  | Reached skill level 16 in Axes
 36132 | Snake:2  | Received a gift from Trog
 36185 | Snake:2  | Found a flickering gateway to a bazaar.
 36196 | Bazaar   | Entered a bazaar
 36285 | Bazaar   | Found Wegisun's Armour Shoppe.
 36285 | Bazaar   | Found Nigrol's Book Emporium.
 36301 | Bazaar   | Bought +2 pearl dragon scales for 1192 gold pieces
 36322 | Bazaar   | Found Zugavi Hoyh's Antique Weapon Emporium.
 36343 | Bazaar   | Found Giwopp's Book Shoppe.
 37937 | Snake:3  | Received a gift from Trog
 38113 | Snake:4  | Entered Level 4 of the Snake Pit
 38242 | Snake:4  | Found a flickering gateway to a bazaar.
 38261 | Snake:4  | Reached XP level 19. HP: 23/125 MP: 19/19
 38270 | Bazaar   | Entered a bazaar
 38615 | Bazaar   | Found Ruehiere's Assorted Antiques.
 38629 | Bazaar   | Found Guxtuhomyt's Antique Armour Boutique.
 38645 | Bazaar   | Found Coelus's Armour Shoppe.
 38672 | Bazaar   | Found Hatux's Armour Shop.
 38699 | Bazaar   | Found Pits's Gadget Emporium.
 39137 | Snake:4  | Received a gift from Trog
 39337 | Snake:4  | Received a gift from Trog
 39362 | Snake:4  | Reached skill level 17 in Axes
 39745 | Snake:4  | Received a gift from Trog
 39965 | Snake:4  | Got a serpentine rune of Zot
 40210 | Shoals:4 | Entered Level 4 of the Shoals
 40210 | Shoals:4 | Noticed Jorgrun
 40215 | Shoals:4 | Killed Jorgrun
 40234 | Shoals:4 | Noticed Aizul
 40245 | Shoals:4 | Killed Aizul
 40640 | Shoals:4 | Got a brightly glowing pewter ring
 40895 | Shoals:4 | Identified the ring "Naesch" {Wiz +Blink rC+ rN+++ Dex-2} (You took it off a merfolk on level 4 of the Shoals)
 40938 | Shoals:4 | Found the +8 frozen axe "Frostbite" {freezing cloud, *Noise +Fly rC+}
 40959 | Shoals:4 | Reached skill level 5 in Dodging
 41012 | Shoals:4 | Found Fualucs's Antique Weapon Boutique.
 41012 | Shoals:4 | Noticed Ilsuiw
 41020 | Shoals:4 | Received a gift from Trog
 41352 | Shoals:4 | Killed Ilsuiw
 41768 | Shoals:4 | Got a barnacled rune of Zot
 41910 | Shoals:4 | Got a pitted copper ring
 41969 | Shoals:4 | Reached XP level 20. HP: 132/132 MP: 20/20
 42005 | Shoals:4 | Received a gift from Trog
 42297 | Slime:1  | Entered Level 1 of the Pits of Slime
 42920 | Slime:1  | Gained mutation: Potions are less effective at restoring your health. [a shining eye]
 42932 | Slime:1  | Gained mutation: You tend to lose your temper in combat. [a shining eye]
 43693 | Slime:2  | Reached skill level 18 in Axes
 44381 | Slime:2  | Gained mutation: You do not regenerate when monsters are visible. [a shining eye]
 44866 | Slime:3  | Received a gift from Trog
 45736 | Slime:5  | Entered Level 5 of the Pits of Slime
 45963 | Slime:5  | Gained mutation: Your spells are a little easier to cast, but a little less powerful. [a shining eye]
 45969 | Slime:5  | Gained mutation: You occasionally shout uncontrollably at your foes. [a shining eye]
 45975 | Slime:5  | Gained mutation: You often lose your temper in combat. [a shining eye]
 45977 | Slime:5  | Gained mutation: You are frail. (-10% HP) [a shining eye]
 46312 | Slime:5  | Received a gift from Trog
 46314 | Slime:5  | Noticed the Royal Jelly
 46331 | Slime:5  | HP: 3/120 [acid[the Royal Jelly] (8)]
 46331 | Slime:5  | Slain by an azure jelly

Skill      XL: |  1  2  3  4  5  6  7  8  9 10 11 12 13 14 15 16 17 18 19 20 |
---------------+-------------------------------------------------------------+-----
Long Blades    | 3 |  3.9
Fighting       | 4 5 6 8 9 10 11 12 13 14 15 16 17 | 17.2
Dodging        | 2 3 4 5 6 |  6.0
Staves         | 1 3 5 7 9 11 12 14 | 14.4
Armour         | 3 4 5 7 8 9 11 12 13 14 | 14.5
Stealth        | 1 2 3 4 6 7 |  7.2
Throwing       | 1 |  1.5
Evocations     | 1 |  1.0
Axes           | 6 10 12 14 15 16 17 18 | 18.3
Shields        | 1 3 6 9 11 12 14 | 14.7
Polearms       | 1 2 |  2.7
Short Blades   | |  0.4

Action                   |  1- 3 |  4- 6 |  7- 9 | 10-12 | 13-15 | 16-18 | 19-21 || total
-------------------------+-------+-------+-------+-------+-------+-------+-------++-------
Melee: Falchion          |    77 |       |       |       |       |       |       ||    77
       Dagger            |     5 |    49 |       |       |       |       |       ||    54
       Quarterstaff      |       |    97 |   299 |   775 |   149 |       |       ||  1320
       Broad axe         |       |       |       |       |  1135 |  1428 |   808 ||  3371
       Spear             |       |       |       |       |    32 |    74 |    85 ||   191
Throw: Tomahawk          |       |       |       |    13 |       |       |       ||    13
Invok: Berserk           |       |     3 |     3 |     8 |    15 |    14 |     9 ||    52
       Trog's Hand       |       |       |       |     1 |     6 |     4 |     4 ||    15
       Burn Spellbooks   |       |       |       |     1 |     1 |     5 |       ||     7
       Brothers in Arms  |       |       |       |       |       |     8 |     6 ||    14
 Abil: Evoke Flight      |       |       |       |     3 |       |       |       ||     3
  Use: Scroll            |       |       |       |     9 |     6 |     9 |     1 ||    25
       Potion            |       |       |       |       |     3 |     6 |     3 ||    12
 Stab: Petrifying        |       |       |     1 |     3 |       |       |       ||     4
       Paralysed         |       |       |     5 |    11 |     1 |       |       ||    17
       Invisible         |       |       |     1 |       |       |       |       ||     1
       Distracted        |       |       |       |       |     1 |     2 |     3 ||     6
  Eat: Chunk             |     1 |     9 |    11 |    25 |    54 |    42 |    18 ||   160
       Ration            |       |       |       |     1 |     3 |     4 |     6 ||    14
Armor: Animal skin       |    33 |     2 |       |       |       |       |       ||    35
       Ring mail         |       |    60 |       |       |       |       |       ||    60
       Plate armour      |       |     1 |   238 |   447 |  1028 |   572 |       ||  2286
       Pearl dragon scal |       |       |       |       |       |    84 |   261 ||   345
       Acid dragon scale |       |       |       |       |       |       |   114 ||   114
Dodge: Dodged            |    65 |    88 |   115 |   229 |   369 |   196 |   164 ||  1226
Block: Shield            |       |       |       |       |   336 |       |       ||   336
       Large shield      |       |       |       |       |   289 |  1218 |   767 ||  2274
       Rpst.: Falchion   |    18 |       |       |       |       |       |       ||    18
